 Dungeon Crawl Stone Soup version 0.20-a0-350-ga83eecc (webtiles) character file.

963 snakesoul the Slasher (level 7, -3/64 HPs)
             Began as a Minotaur Fighter on Dec 24, 2016.
             Slain by a two-headed ogre
             ... wielding a +0 giant spiked club
              (16 damage)
             ... on level 5 of the Dungeon.
             The game lasted 00:05:28 (3154 turns).

snakesoul the Slasher (Minotaur Fighter)            Turns: 3154, Time: 00:05:29

Health: -3/64      AC: 15    Str: 20    XL:     7   Next: 92%
Magic:  6/6        EV:  4    Int:  5    God:
Gold:   224        SH: 11    Dex: 17    Spells: 6/6 levels left

rFire  . . .     SeeInvis .     a - +0 long sword
rCold  . . .     Gourm    .     t - +0 plate armour
rNeg   . . .     Faith    .     c - +0 shield
rPois  .         Spirit   .     (helmet restricted)
rElec  .         Reflect  .     y - +0 cloak
rCorr  .         Harm     .     (no gloves)
MR     .....                    (no boots)
Stlth  ..........               (no amulet)
                                z - +5 ring of dexterity
                                e - +3 ring of protection

@: no status effects
A: retaliatory headbutt, horns 2
a: no special abilities


You were on level 5 of the Dungeon.
You were very hungry.

You visited 1 branch of the dungeon, and saw 5 of its levels.

You collected 224 gold pieces.

Inventory:

Hand Weapons
 a - a +0 long sword (weapon)
Missiles
 s - 6 javelins (quivered)
 D - 4 javelins of penetration
Armour
 c - a +0 shield (worn)
 t - a +0 plate armour (worn)
 y - a +0 cloak (worn)
Jewellery
 e - a +3 ring of protection (left hand)
 h - an uncursed ring of fire
 j - an uncursed ring of magical power
 x - a +2 ring of intelligence
 z - a +5 ring of dexterity (right hand)
Wands
 o - a wand of polymorph (8/24)
 B - a wand of flame (19/48)
Scrolls
 k - a scroll of amnesia {unknown}
 p - a scroll of enchant weapon {unknown}
 q - 2 scrolls of identify {unknown}
 w - 3 scrolls of fog {unknown}
 A - 2 scrolls of remove curse {unknown}
Potions
 b - a potion of invisibility {unknown}
 d - a potion of might
 g - a potion of degeneration {unknown}
 i - 3 potions of curing {unknown}
 l - a potion of haste {unknown}
 n - 2 potions of heal wounds {unknown}
 r - a potion of ambrosia {unknown}
 u - 2 potions of cure mutation {unknown}
 v - 2 potions of brilliance {unknown}
 C - a potion of lignification {unknown}
Books
 m - a book of Cantrips

   Spells                             Type                      Level
   a - Confusing Touch                Hexes                        1
   b - Animate Skeleton               Necromancy                   1
   c - Summon Small Mammal            Summoning                    1
   d - Apportation                    Translocation                1
Comestibles
 f - 2 bread rations


   Skills:
 + Level 6.9 Fighting
 * Level 7.9 Long Blades
 - Level 3.6 Armour
 + Level 6.2 Shields


You had 6 spell levels left.
You didn't know any spells.

Dungeon Overview and Level Annotations

Branches:
Dungeon (5/15)
 Temple: D:4-7

Altars:


Innate Abilities, Weirdness & Mutations

You reflexively headbutt those who attack you in melee.
You have a pair of horns on your head.


Message History

The two-headed ogre barely misses you.
You slash the two-headed ogre!
You headbutt the two-headed ogre, but do no damage.
The two-headed ogre is heavily wounded.
You hit the two-headed ogre but do no damage.
You headbutt the two-headed ogre, but do no damage.
The two-headed ogre is heavily wounded.
The two-headed ogre hits you with a giant spiked club!
The two-headed ogre hits you with a giant club.
You are too injured to fight recklessly!
You are too injured to fight recklessly!
You slash the two-headed ogre!
The two-headed ogre is severely wounded.
The two-headed ogre hits you with a giant spiked club!
* * * LOW HITPOINT WARNING * * *
The two-headed ogre hits you but does no damage.
You hit the two-headed ogre but do no damage.
The two-headed ogre is heavily wounded.
The two-headed ogre hits you with a giant spiked club!
You die...

####..... #....##'#
#....#..# #....#..#
#....#..' #....#..#
###########....####
#####....#..[....######
#....O@..'.......#.....
#........#.......#.....
#........#.......#.....
+........#.......#.....
##########.......######
#.###..#####'#.........
.............#.........
..........>..#.........
...........#.........


You could see a two-headed ogre.

Vanquished Creatures
  Sigmund (D:4)
  Duvessa (D:4)
  A phantom (D:5)
  An ogre (D:4)
  Dowan (D:4)
  A scorpion (D:4)
  2 howler monkeys (D:4)
  A crimson imp (D:5)
  A hound (D:4)
  An orc wizard (D:3)
  3 worker ants (D:4)
  Robin (D:4)
  4 gnolls (D:4)
  5 adders
  A shadow imp (D:4)
  An ooze (D:1)
  A worm (D:5)
  3 leopard geckos
  5 orcs
  A ball python (D:4)
  2 giant cockroaches (D:4)
  15 goblins
  7 hobgoblins
  2 jackals (D:1)
  2 quokkas
  8 bats
  2 frilled lizards
  7 kobolds
  4 rats
85 creatures vanquished.

Vanquished Creatures (others)
  An adder (D:5)
  A leopard gecko (D:5)
2 creatures vanquished.

Grand Total: 87 creatures vanquished

Notes
Turn   | Place    | Note
-------+----------+-------------------------------------------
     0 | D:1      | snakesoul the Minotaur Fighter began the quest for the Orb.
     0 | D:1      | Reached XP level 1. HP: 19/19 MP: 0/0
   270 | D:1      | Reached XP level 2. HP: 27/27 MP: 1/1
   372 | D:1      | Reached skill level 3 in Long Blades
   805 | D:2      | Reached XP level 3. HP: 33/33 MP: 2/2
  1267 | D:3      | Reached skill level 4 in Long Blades
  1267 | D:3      | Reached XP level 4. HP: 35/41 MP: 3/3
  1792 | D:4      | Noticed Sigmund
  1803 | D:4      | Killed Sigmund
  1803 | D:4      | Reached skill level 5 in Fighting
  1803 | D:4      | Reached skill level 5 in Long Blades
  1803 | D:4      | Reached skill level 5 in Shields
  1803 | D:4      | Reached XP level 5. HP: 48/48 MP: 4/4
  1803 | D:4      | Reached XP level 6. HP: 56/56 MP: 5/5
  2052 | D:4      | Noticed Robin
  2061 | D:4      | Killed Robin
  2061 | D:4      | Reached skill level 6 in Long Blades
  2276 | D:4      | Reached XP level 7. HP: 63/63 MP: 6/6
  2610 | D:4      | Reached skill level 7 in Long Blades
  2654 | D:4      | Noticed Dowan
  2655 | D:4      | Noticed Duvessa
  2677 | D:4      | Killed Duvessa
  2695 | D:4      | Killed Dowan
  2814 | D:4      | You fall through a shaft!
  2814 | D:5      | Entered Level 5 of the Dungeon
  3143 | D:5      | Noticed a two-headed ogre
  3154 | D:5      | Slain by a two-headed ogre

Vault maps used:
D:1:      dpeg_arrival_castle
D:4:      first_bread, uniq_sigmund, uniq_duvessa, uniq_robin
D:5:      lemuel_flame_loot_1

Skill      XL: |  1  2  3  4  5  6  7 |
---------------+----------------------+-----
Long Blades    | 3 4 5 6 7 |  7.9
Fighting       | 4 5 6 |  6.9
Shields        | 4 5 6 |  6.2
Armour         | |  3.6

Action                   |  1- 3 |  4- 6 |  7- 9 || total
-------------------------+-------+-------+-------++-------
Melee: Long sword        |    72 |    93 |    96 ||   261
       Headbutt          |    14 |    27 |    24 ||    65
  Use: Potion            |       |     2 |       ||     2
  Eat: Chunk             |     1 |     4 |     1 ||     6
Armor: Scale mail        |    30 |     9 |       ||    39
       Plate armour      |       |    67 |    48 ||   115
Dodge: Dodged            |    31 |    18 |    11 ||    60
Block: Shield            |    38 |    72 |    43 ||   153
       Rpst.: Long sword |     8 |     6 |     1 ||    15
